[Event "*** Titled Tuesday Blitz"]
[Site "Chess.com"]
[Date "2021.03.02"]
[Round "4"]
[White "Fiona"]
[Black "Klavdia_Nik"]
[Result "1-0"]
[WhiteElo "2263"]
[BlackElo "2058"]
[TimeControl "180+1"]
[EndTime "10:39:08 PST"]
[Termination "Fiona won on time"]

1. e4 g6 2. d4 d6 3. Nf3 Bg7 4. Be3 c6 5. Qd2 h6 6. c3 Nf6 7. Bd3 Ng4 8. Bf4 e5 9. Bg3 exd4 10. cxd4 O-O 11. Nc3 Re8 12. O-O Nf6 13. Rfe1 Nh5 14.
Bh4 g5 15. Bg3 Nxg3 16. hxg3 Nd7 17. Bc4 Nf6 18. e5 dxe5 19. Nxe5 Be6 20. Bd3 Nd5 21.
Bc2 Nf6 22. Rad1 Qc7 23. Qe2 Rad8 24. Ne4 Nxe4 25. Qxe4 f5 26. Qe2 Qc8 27. Qh5 Rf8 28. Ng6 Rf6 29. Rxe6 1-0

[Event "*** Titled Tuesday Blitz"]
[Site "Chess.com"]
[Date "2021.03.02"]
[Round "4"]
[White "bratkoo"]
[Black "Witik"]
[Result "0-1"]
[WhiteElo "2509"]
[BlackElo "2714"]
[TimeControl "180+1"]
[EndTime "10:39:10 PST"]
[Termination "Witik won on time"]

1. Nf3 d5 2. d4 e6 3. g3 Bd6 4.
Bg2 f5 5. c4 c6 6. Nc3 Nf6 7.
Bf4 Bxf4 8. gxf4 O-O 9. Ne5 Bd7 10. Bf3 Be8 11. Qb3 Qb6 12. c5 Qc7 13. Qc2 Nbd7 14.
Rg1 Ne4 15. Bxe4 fxe4 16. e3 Nxe5 17. fxe5 Bh5 18. f4 exf3 19. Kf2 Qe7 20. Rg3 Qh4 21.
h3 Rf5 22. Rg1 Rg5 23. Qd2 Rf8 24. e4 h6 25. b4 dxe4 26. Qe3 Rf4 27. b5 Bg6 28.
bxc6 bxc6 29. a4 a5 30. Nb1 Rff5 31. Nd2 Rxg3 32. Rxg3 Rg5 33. Nf1 Bf5 34. Qb3 Kh7 0-1

[Event "*** Titled Tuesday Blitz"]
[Site "Chess.com"]
[Date "2021.03.02"]
[Round "4"]
[White "Diamantidis_13"]
[Black "tusplingher"]
[Result "1-0"]
[WhiteElo "2428"]
[BlackElo "2230"]
[TimeControl "180+1"]
[EndTime "10:39:11 PST"]
[Termination "Diamantidis_13 won by resignation"]

1. d4 Nf6 2. c4 c5 3. d5 b5 4. Bg5 Ne4 5. Nd2 Nxg5 6. h4 e6 7. hxg5 Qxg5 8. dxe6 fxe6 9. cxb5 d5 10. e4 Bb7 11. Ngf3 Qf6 12. e5 Qd8 13. Bd3 h6 14. Bg6+ Kd7 15. Qa4 Kc8 16. Qg4 Qe7 17.
Rc1 Nd7 18. b4 c4 19. Nxc4 dxc4 20. Qxc4+ Nc5 21. bxc5 Bd5 22. Qc3 Qb7 23. a4 Be7 24. Nd4 Bxg2 25. Rg1 Bd5 26. c6 Qb6 27. Bf7 a5 28. Kf1 Bb4 29. Qe3 Bc5 30. Rxg7 Bxd4 31. Qh3 Ra7 32. Bxe6+ Bxe6 33. Qxe6+ Kb8 34. Qd6+ Ka8 35.
Rxa7+ Kxa7 36. Qd7+ Ka8 37. c7 Bc5 38. c8=Q+ 1-0

[Event "*** Titled Tuesday Blitz"]
[Site "Chess.com"]
[Date "2021.03.02"]
[Round "4"]
[White "malakismayil"]
[Black "bogcsab"]
[Result "0-1"]
[WhiteElo "2296"]
[BlackElo "2158"]
[TimeControl "180+1"]
[EndTime "10:39:11 PST"]
[Termination "bogcsab won by checkmate"]

1. e4 d6 2. d4 Nf6 3. Nc3 c6 4. g3 g6 5. Bg2 Bg7 6. Nge2 O-O 7.
O-O e5 8. h3 Qe7 9. Kh2 Ne8 10.
f4 f5 11. Be3 fxe4 12. dxe5 d5 13. Nxd5 cxd5 14. Qxd5+ Be6 15. Qxe4 Nc6 16. Nc3 Nc7 17. Rf2 Rad8 18. Raf1 Nd5 19. Nxd5 Bxd5 20. Qa4 Bxg2 21. Kxg2 a6 22. a3 g5 23. Qe4 gxf4 24. gxf4 Qh4 25. Qc4+ Kh8 26. Qe6 Rde8 27. Qg4 Qe7 28. b4 Rg8 29. Kh2 Bxe5 30. Qf3 Bf6 31. Bc5 Qe4 32. Qh5 Qg6 33. Qf3 Bh4 34. Rd2 Rg7 35. f5 Qf6 36.
Rd6 Qe5+ 37. Kh1 Rg3 38. Qxc6 Rxh3+ 39. Kg2 Qg3# 0-1

[Event "*** Titled Tuesday Blitz"]
[Site "Chess.com"]
[Date "2021.03.02"]
[Round "4"]
[White "eCztery"]
[Black "kamilianin235"]
[Result "1-0"]
[WhiteElo "2395"]
[BlackElo "2191"]
[TimeControl "180+1"]
[EndTime "10:39:12 PST"]
[Termination "eCztery won by resignation"]

1. d4 d5 2. Bf4 Nf6 3. e3 c5 4. Nc3 a6 5. Nf3 Nc6 6. Ne5 e6 7. Nxc6 bxc6 8. Be2 cxd4 9. exd4 c5 10. O-O Be7 11. dxc5 Bxc5 12. Na4 Be7 13. c4 O-O 14.
c5 Ne4 15. b4 Bd7 16. Nb6 Ra7 17.
a4 Bf6 18. Ra3 Bc6 19. Rh3 g6 20. b5 axb5 21. axb5 Be8 22. c6 Qxb6 23. Bd3 Nc3 24. Qf3 e5 25. Be3 d4 26. Qxf6 dxe3 27. fxe3 Nxb5 28. Bxg6 Qxe3+ 29. Rxe3 hxg6 30. Rh3 1-0

[Event "*** Titled Tuesday Blitz"]
[Site "Chess.com"]
[Date "2021.03.02"]
[Round "4"]
[White "Ali-Farahat"]
[Black "Iskusnyh"]
[Result "0-1"]
[WhiteElo "2418"]
[BlackElo "2607"]
[TimeControl "180+1"]
[EndTime "10:39:13 PST"]
[Termination "Iskusnyh won by checkmate"]

1. e4 e6 2. d4 d5 3. Nd2 c5 4. Ngf3 Nc6 5. c3 cxd4 6. cxd4 dxe4 7. Nxe4 Bb4+ 8. Nc3 Nf6 9. Bd3 O-O 10. O-O b6 11. a3 Bxc3 12. bxc3 Bb7 13. Bg5 Ne7 14. Bxf6 gxf6 15.
Qe2 Ng6 16. Qe3 Rc8 17. Rac1 Qd6 18. c4 Bxf3 19. gxf3 Rfd8 20. Rfd1 Qxd4 21. Bxg6 Qxd1+ 22. Rxd1 Rxd1+ 23. Kg2 hxg6 24. Qf4 Kg7 25. h4 Rc5 26. Qb8 Ra5 27. c5 Rxc5 28. Qxa7 Rb1 29. f4 Rf5 30.
Kg3 Rb3+ 31. f3 Ra5 32. Qe7 Raxa3 33. f5 Rxf3+ 34. Kg2 exf5 35. h5 Rg3+ 36. Kh2 Rh3+ 37. Kg2 Rag3+ 38. Kf2 Rf3+ 39. Kg2 Rhg3+ 40. Kh2 gxh5 41.
Qd7 h4 42. Kh1 h3 43. Kh2 Rg2+ 44. Kh1 Rf1# 0-1

[Event "*** Titled Tuesday Blitz"]
[Site "Chess.com"]
[Date "2021.03.02"]
[Round "4"]
[White "serhanberat_ozdemir"]
[Black "alexrustemov"]
[Result "1-0"]
[WhiteElo "2538"]
[BlackElo "2712"]
[TimeControl "180+1"]
[EndTime "10:39:14 PST"]
[Termination "serhanberat_ozdemir won by resignation"]

1. e4 e6 2. d4 d5 3. Nd2 c5 4. Ngf3 Nf6 5. e5 Nfd7 6. c3 b6 7. Bd3 Ba6 8. Bxa6 Nxa6 9. O-O Be7 10. Re1 Nab8 11. Nf1 Nc6 12. Ng3 Qc7 13. a3 Rc8 14. b4 cxd4 15. cxd4 b5 16. Nh5 g6 17. Nf4 Nb6 18.
Nd3 Nc4 19. Bh6 a5 20. bxa5 Qxa5 21. a4 b4 22. Bg7 Rg8 23. Bf6 h6 24. Nc1 Bxf6 25. exf6 Qd8 26. a5 Qxf6 27. a6 Kf8 28. a7 Kg7 29. Ra6 Ne7 30. Nd3 Ra8 31. Nxb4 Rgc8 32.
Qa4 Rc7 33. h3 Nc8 34. Nxd5 N4b6 35. Nxf6 Nxa4 36. Ne8+ Kf8 37. Nxc7 Rxa7 38. Rxa7 Nxa7 39. Ra1 1-0

[Event "*** Titled Tuesday Blitz"]
[Site "Chess.com"]
[Date "2021.03.02"]
[Round "4"]
[White "ChessNinja48"]
[Black "KRSilva"]
[Result "1-0"]
[WhiteElo "2417"]
[BlackElo "2226"]
[TimeControl "180+1"]
[EndTime "10:39:14 PST"]
[Termination "ChessNinja48 won by checkmate"]

1. d4 Nf6 2. Nf3 d5 3. c4 c6 4.
Nc3 Bf5 5. e3 Nbd7 6. Qb3 Qb6 7.
c5 Qc7 8. Be2 e6 9. O-O b6 10.
cxb6 axb6 11. Nh4 Bd6 12. h3 Bg6 13. Nxg6 hxg6 14. Rd1 g5 15. Qc2 g4 16. hxg4 Bh2+ 17. Kf1 Bg1 18. Bf3 Bh2 19. e4 dxe4 20. Nxe4 Nd5 21.
Bg5 Rc8 22. Rac1 Bg3 23. fxg3 f6 24. Bd2 f5 25. gxf5 exf5 26. Ng5 Qxg3 27. Qxf5 N5f6 28.
Bf4 Qh4 29. Re1+ Kf8 30. Bd6+ Kg8 31. Qe6# 1-0

[Event "*** Titled Tuesday Blitz"]
[Site "Chess.com"]
[Date "2021.03.02"]
[Round "4"]
[White "LogoCzar"]
[Black "Chernobay_Artem"]
[Result "0-1"]
[WhiteElo "2352"]
[BlackElo "2614"]
[TimeControl "180+1"]
[EndTime "10:39:15 PST"]
[Termination "Chernobay_Artem won by checkmate"]

1. e4 e6 2. d4 d5 3. Nc3 Nc6 4. Nf3 Nf6 5. Bd3 Bb4 6. e5 Ne4 7. O-O Nxc3 8. bxc3 Bxc3 9. Rb1 h6 10.
Be3 O-O 11. Rb3 Bb4 12. Qc1 f5 13. exf6 Qxf6 14. Ne5 Bd6 15. f4 Ne7 16. g4 Bxe5 17. fxe5 Qh4 18. Bh7+ Kxh7 19. Rxf8 Qxg4+ 20. Kf2 Ng6 21. Rf3 Bd7 22. Qg1 Qe4 23. Rd3 Bb5 24. Rd2 c5 25.
Bxh6 Qh4+ 26. Rg3 Qxh6 27. Ke1 Rf8 28. Rdg2 Qc1# 0-1

[Event "*** Titled Tuesday Blitz"]
[Site "Chess.com"]
[Date "2021.03.02"]
[Round "4"]
[White "mortngabriel"]
[Black "Chesspirate_Channel"]
[Result "0-1"]
[WhiteElo "2472"]
[BlackElo "2343"]
[TimeControl "180+1"]
[EndTime "10:39:15 PST"]
[Termination "Chesspirate_Channel won on time"]

1. d4 d5 2. Nf3 Nc6 3. c4 e5 4. cxd5 Qxd5 5. Nc3 Bb4 6. a3 Bxc3+ 7. bxc3 e4 8. Nd2 Nf6 9. e3 Qg5 10. Qc2 Bf5 11. a4 O-O 12. Ba3 Rfe8 13. Rb1 Rab8 14.
g3 Ng4 15. Be2 Nxe3 16. fxe3 Qxe3 17. Nc4 Qd3 18. Bxd3 exd3+ 19. Kf2 dxc2 20. Rbe1 Bd3 21. Ne3 Na5 22. Bc1 Nc4 23. Nxc4 Bxc4 24. Rxe8+ Rxe8 25.
Re1 Rxe1 26. Kxe1 a5 27. Bf4 c6 28. Kd2 Bb3 29. Bc7 Bxa4 30. Bxa5 b5 31. h4 f6 32. Bc7 h5 33. Bf4 Kf7 34. Ke3 c1=Q+ 0-1

[Event "*** Titled Tuesday Blitz"]
[Site "Chess.com"]
[Date "2021.03.02"]
[Round "4"]
[White "turayev_shahruh17"]
[Black "paulrusan"]
[Result "1-0"]
[WhiteElo "2489"]
[BlackElo "2321"]
[TimeControl "180+1"]
[EndTime "10:39:16 PST"]
[Termination "turayev_shahruh17 won by checkmate"]

1. e4 g6 2. d4 Bg7 3. Nc3 d6 4. f4 a6 5. Nf3 b5 6. Bd3 Bb7 7. O-O Nd7 8. Qe1 c5 9. Be3 cxd4 10. Bxd4 e5 11. Be3 exf4 12. Bxf4 Ne5 13. Rd1 Qe7 14.
Qf2 Nf6 15. Nxe5 dxe5 16. Bg5 Ng4 17. Qh4 f6 18. Qxg4 fxg5 19. Nxb5 Qc5+ 20. Kh1 axb5 21. Qe6+ Kd8 22. Bxb5+ Kc7 23. Qd7+ Kb8 24. Qxg7 Ka7 25. c4 Rad8 26. a3 Rhf8 27. h3 Rxd1 28. Rxd1 Rf4 29.
b4 Qe3 30. Bc6 Qb6 31. Bxb7 Qxb7 32. Rd7 Qxd7 33. Qxd7+ Kb8 34. c5 Rxe4 35. c6 Rd4 36. Qb7# 1-0

[Event "*** Titled Tuesday Blitz"]
[Site "Chess.com"]
[Date "2021.03.02"]
[Round "4"]
[White "marvinguevara"]
[Black "davigator"]
[Result "0-1"]
[WhiteElo "2121"]
[BlackElo "2397"]
[TimeControl "180+1"]
[EndTime "10:39:16 PST"]
[Termination "davigator won on time"]

1. e4 c5 2. d4 cxd4 3. c3 Nf6 4. e5 Nd5 5. Bc4 Nb6 6. Bb3 d5 7. exd6 Qxd6 8. Nf3 Nc6 9. O-O e6 10. cxd4 Be7 11.
Nc3 O-O 12. Ne4 Qd8 13. Bg5 Nb4 14. a3 N4d5 15. Qd3 Bd7 16. Bc2 f5 17. Bxe7 Qxe7 18.
Nc5 Bc8 19. Rfe1 Qd6 20. Ne5 Nf6 21. Rad1 Nbd5 22. Ba4 Nb6 23. Bb3 Nbd5 24. Ba4 b6 25.
Na6 Bb7 26. Bb3 Rac8 27. f3 Rfe8 28. Nc4 Qd7 29. Ne5 Qe7 30. Rc1 Nf4 31. Qf1 N6d5 32. Nb4 Nxb4 33. axb4 Nd5 34. b5 Qb4 35. Bc2 Qxb2 36.
Kh1 Rxc2 37. Rxc2 Qxc2 38. Rc1 Qd2 39. Qg1 Qe3 40. Nc4 Qxg1+ 41. Kxg1 Rc8 42. Kf2 Nf4 43. g3 Nd3+ 0-1

[Event "*** Titled Tuesday Blitz"]
[Site "Chess.com"]
[Date "2021.03.02"]
[Round "4"]
[White "Skatchkov_V"]
[Black "Atco84"]
[Result "1-0"]
[WhiteElo "2615"]
[BlackElo "2428"]
[TimeControl "180+1"]
[EndTime "10:39:17 PST"]
[Termination "Skatchkov_V won by resignation"]

1. d4 e6 2. c4 Bb4+ 3. Nd2 f5 4.
Nf3 Nf6 5. Qc2 O-O 6. e3 b6 7. Bd3 Bb7 8. d5 Na6 9. a3 Bxd2+ 10. Bxd2 Nc5 11. Bb4 Nxd3+ 12. Qxd3 Re8 13. Rd1 exd5 14. Qxf5 c5 15. Bd2 dxc4 16. O-O d5 17. Bc3 Qd7 18.
Qg5 Ne4 19. Qh4 h6 20. Be5 Qe7 21. Qg4 Rf8 22. Bf4 g5 23. Bg3 Rae8 24. Qh5 Qg7 25. Nd2 Nf6 26. Qe2 Re6 27. h4 Rfe8 28. hxg5 hxg5 29. Nf3 b5 30. a4 a6 31. axb5 axb5 32. Qc2 Ne4 33. Bh2 Qg6 34. Ra1 g4 35. Nd2 g3 36. fxg3 Nf6 37. Qxg6+ 1-0

[Event "*** Titled Tuesday Blitz"]
[Site "Chess.com"]
[Date "2021.03.02"]
[Round "4"]
[White "shnitez"]
[Black "UmutErdemGunduz"]
[Result "0-1"]
[WhiteElo "2513"]
[BlackElo "2362"]
[TimeControl "180+1"]
[EndTime "10:39:17 PST"]
[Termination "UmutErdemGunduz won on time"]

1. e4 e5 2. Nf3 Nc6 3. Bc4 Bc5 4. O-O Nf6 5. d3 O-O 6. c3 d6 7. b4 Bb6 8. Nbd2 a5 9. b5 Ne7 10. Bb3 Ng6 11. Nc4 Ba7 12. Nxa5 c6 13. Nc4 d5 14.
Ncxe5 Nxe5 15. Nxe5 dxe4 16. d4 cxb5 17. Qe2 b4 18. Qc4 bxc3 19. Nxf7 Qxd4 20. Qc7 Bb8 21. Qe7 Nd5 22. Bxd5 Qxd5 23. Ng5 Bf5 24. Be3 Qe5 25. Qxe5 Bxe5 0-1

[Event "*** Titled Tuesday Blitz"]
[Site "Chess.com"]
[Date "2021.03.02"]
[Round "4"]
[White "PushingpawnsNYC"]
[Black "JiiHart"]
[Result "1-0"]
[WhiteElo "2272"]
[BlackElo "2080"]
[TimeControl "180+1"]
[EndTime "10:39:17 PST"]
[Termination "PushingpawnsNYC won by checkmate"]

1. e4 e5 2. Nf3 Nc6 3. d4 exd4 4. Nxd4 Bc5 5. Nb3 Bb6 6. Qe2 d6 7. Nc3 h6 8. Be3 Nf6 9. O-O-O Be6 10. f3 Qe7 11.
Bxb6 axb6 12. Kb1 O-O 13. g4 Nb4 14. h4 Nd7 15. g5 Nc5 16. gxh6 Nxa2 17. Nxa2 Nxb3 18.
hxg7 Rfd8 19. cxb3 Bxb3 20. Nc1 Bxd1 21. Qxd1 Ra5 22.
Qd2 Qf6 23. Rg1 Rda8 24. Bc4 Ra1+ 25. Kc2 c6 26. Rg5 d5 27. exd5 cxd5 28. Qxd5 Rd8 29. Qe4 b5 30. Bd3 Rc8+ 31. Kb3 Raxc1 32. Qh7# 1-0

[Event "*** Titled Tuesday Blitz"]
[Site "Chess.com"]
[Date "2021.03.02"]
[Round "4"]
[White "ParvizGasimov"]
[Black "Kapibara_Warri0r"]
[Result "0-1"]
[WhiteElo "2396"]
[BlackElo "2227"]
[TimeControl "180+1"]
[EndTime "10:39:18 PST"]
[Termination "Kapibara_Warri0r won on time"]

1. e4 c5 2. Nf3 d6 3. d4 cxd4 4. Nxd4 Nf6 5. Nc3 a6 6. Be3 e5 7.
Nb3 Be7 8. f3 Be6 9. Qd2 h5 10.
Nd5 Bxd5 11. exd5 Nbd7 12. Be2 Qc7 13. O-O-O a5 14. a4 Bd8 15. Bb5 Rc8 16. Kb1 O-O 17. Rhg1 Nb6 18. g4 h4 19. Bxb6 Qxb6 20. g5 Nh5 21. g6 Nf4 22. Bd7 Rc7 23. gxf7+ Rxf7 24. Be6 Nxe6 25. dxe6 Rf6 26. e7 Rxe7 27. Qd5+ Ref7 28. Rg4 Rxf3 29. Rdg1 Kf8 30. Rxg7 Rf1+ 0-1

[Event "*** Titled Tuesday Blitz"]
[Site "Chess.com"]
[Date "2021.03.02"]
[Round "4"]
[White "HrvojeZagreb"]
[Black "GasconJR"]
[Result "1-0"]
[WhiteElo "2272"]
[BlackElo "2445"]
[TimeControl "180+1"]
[EndTime "10:39:19 PST"]
[Termination "HrvojeZagreb won on time"]

1. d4 Nf6 2. Bf4 g6 3. Nc3 d5 4. e3 Bg7 5. h4 h5 6. Nf3 Bg4 7. Qd2 Bxf3 8. gxf3 c6 9. O-O-O Nbd7 10. e4 e6 11. Kb1 b5 12. exd5 exd5 13. Re1+ Kf8 14. Bh3 Nb6 15. Be5 Nc4 16. Qf4 Ne8 17. Bxg7+ Nxg7 18. Re2 Qd6 19. Qg5 Re8 20. Rhe1 Qb4 21. Nd1 Qxe1 22. Rxe1 Rxe1 23. Kc1 Ne8 24. b3 Ncd6 25. Qd2 Re7 26. Qb4 Kg7 27. Ne3 a5 28. Qc5 Kf8 29. Qxc6 f6 30. Nxd5 1-0

[Event "*** Titled Tuesday Blitz"]
[Site "Chess.com"]
[Date "2021.03.02"]
[Round "4"]
[White "Ginger_GM"]
[Black "Elshan1985"]
[Result "0-1"]
[WhiteElo "2633"]
[BlackElo "2884"]
[TimeControl "180+1"]
[EndTime "10:39:20 PST"]
[Termination "Elshan1985 won on time"]

1. e4 c5 2. b4 cxb4 3. a3 d5 4. exd5 Qxd5 5. Nf3 b3 6. cxb3 Nf6 7. Nc3 Qd8 8. d4 e6 9. Bd3 Be7 10. O-O O-O 11.
Ne5 Nc6 12. Be3 Nd5 13. Nxd5 Qxd5 14. Bc4 Qd8 15. Qg4 Bf6 16. Nxc6 bxc6 17. Qf3 Bb7 18. Rad1 a5 19. Qg3 Qe7 20. Bf4 Rfd8 21. Bc7 Rxd4 22. Rxd4 Bxd4 23. Rd1 c5 24. Be5 Bxe5 25. Qxe5 h6 26. f3 Bc6 27. a4 Qg5 28. Qd6 Bxf3 29. Rd2 Bd5 30. Rf2 Bxc4 31. bxc4 Rd8 32. Qxc5 Rd1+ 33.
Rf1 Qxc5+ 0-1

[Event "*** Titled Tuesday Blitz"]
[Site "Chess.com"]
[Date "2021.03.02"]
[Round "4"]
[White "platy3"]
[Black "VitaRasik"]
[Result "1-0"]
[WhiteElo "2829"]
[BlackElo "2540"]
[TimeControl "180+1"]
[EndTime "10:39:20 PST"]
[Termination "platy3 won on time"]

1. e4 d6 2. d4 g6 3. Nc3 Bg7 4. Be3 Nf6 5. f3 c6 6. Qd2 b5 7.
O-O-O Qa5 8. Kb1 h5 9. e5 Nfd7 10. exd6 exd6 11. Ne4 Qxd2 12. Nxd6+ Ke7 13. Nxc8+ Rxc8 14. Rxd2 Nb6 15. g3 N8d7 16. Bf2 Nf6 17. Ne2 Nfd5 18. Nc1 Kf8 19. f4 Re8 20. Be2 Rad8 21. Rhd1 Nc4 22. Bxc4 bxc4 23. c3 h4 24. Kc2 hxg3 25.
hxg3 Ne3+ 26. Bxe3 Rxe3 27. Rg1 Rde8 28. b3 cxb3+ 29.
Nxb3 Rf3 30. Nc5 Ree3 31. Rd3 Rf2+ 32. Kb3 Ree2 33. a4 Kg8 34. Kc4 Bf8 35. Rb1 Rb2 36. Rxb2 Rxb2 37. Re3 Ra2 38. Re8 Kg7 39. Rc8 Bxc5 40.
Kxc5 Rxa4 41. Rxc6 Kh6 42. Rc7 f5 43. d5 Ra3 44. Kb4 Ra1 45. Rc4 Rd1 46. Kc5 Kh5 47. Rd4 1-0

[Event "*** Titled Tuesday Blitz"]
[Site "Chess.com"]
[Date "2021.03.02"]
[Round "4"]
[White "Sjakkerntobi"]
[Black "campomania3"]
[Result "1-0"]
[WhiteElo "2320"]
[BlackElo "2156"]
[TimeControl "180+1"]
[EndTime "10:39:20 PST"]
[Termination "Sjakkerntobi won on time"]

1. e4 d5 2. exd5 Nf6 3. Nf3 Nxd5 4. d4 g6 5. c4 Nb6 6. Nc3 Bg7 7. Be3 O-O 8. Bd3 Nc6 9. h3 Nxd4 10. Nxd4 Bxd4 11. Bxd4 Qxd4 12. O-O Rd8 13. Be2 c5 14. Qc2 Bf5 15. Qc1 Qd2 16. Rd1 Qxc1 17. Raxc1 Kf8 18. b3 Rd7 19. Bf3 Rad8 20. Bxb7 Rxd1+ 21. Rxd1 Rxd1+ 22. Nxd1 e5 23. Nc3 Ke7 24. Kf1 h6 25. Ke2 g5 26.
Be4 Be6 27. g4 a5 28. Kd3 Nc8 29. Bd5 Bd7 30. Ne4 Nb6 31. Nxc5 Kd6 32. Ne4+ Ke7 33. Nc3 f5 34. f3 e4+ 35. fxe4 fxg4 36. hxg4 Bxg4 37. e5 Nd7 38. Ke4 Nc5+ 39. Kd4 Ne6+ 40. Bxe6 Bxe6 41. Nd5+ Kd7 42. a3 g4 43. Nf6+ 1-0

[Event "*** Titled Tuesday Blitz"]
[Site "Chess.com"]
[Date "2021.03.02"]
[Round "4"]
[White "slavenok"]
[Black "sergeikim"]
[Result "1-0"]
[WhiteElo "2725"]
[BlackElo "2518"]
[TimeControl "180+1"]
[EndTime "10:39:21 PST"]
[Termination "slavenok won on time"]

1. e4 e5 2. d4 exd4 3. Nf3 Nc6 4. Bc4 Nf6 5. Qe2 d6 6. h3 Be7 7. O-O O-O 8. Rd1 Re8 9. Nxd4 Bf8 10. Nxc6 bxc6 11.
Nc3 h6 12. Bf4 Rb8 13. Bb3 Nd7 14. Be3 a5 15. f3 Qf6 16. Rd2 Ne5 17. Rf1 Ng6 18. f4 Rb4 19. Kh2 Qh4 20. Qf3 Ba6 21. Rff2 Bc8 22. a3 Rb8 23. Ne2 c5 24. Nc3 Bb7 25.
Bd5 c6 26. Bb3 Rbd8 27. Rde2 d5 28. exd5 cxd5 29. Bc1 Rxe2 30. Rxe2 Bd6 31. g3 Qf6 32. Nxd5 Bxd5 33. Bxd5 h5 34. h4 Qd4 35. c3 Qf6 36. Be3 Ne7 37. Be4 g6 38. Bf2 Nf5 39. Rd2 Nh6 40. Kg2 Ng4 41. Bg1 Qe7 42. Re2 Qf6 43.
Bc2 Bf8 44. Be4 c4 45. f5 g5 46.
Bd4 1-0

[Event "*** Titled Tuesday Blitz"]
[Site "Chess.com"]
[Date "2021.03.02"]
[Round "4"]
[White "fridaywins"]
[Black "Heretoflag"]
[Result "1-0"]
[WhiteElo "2135"]
[BlackElo "2268"]
[TimeControl "180+1"]
[EndTime "10:39:22 PST"]
[Termination "fridaywins won on time"]

1. e4 c6 2. Nc3 d5 3. Nf3 Nf6 4. e5 Ne4 5. Bd3 Nxc3 6. dxc3 Bg4 7. h3 Bxf3 8. Qxf3 e6 9. h4 Nd7 10. Qg3 c5 11. h5 h6 12. f4 Qc7 13. c4 dxc4 14.
Bxc4 O-O-O 15. Qf3 Be7 16. O-O Nb6 17. Bd3 Kb8 18. Be4 Rhg8 19. a4 g6 20. a5 Nd5 21.
a6 b6 22. Bxd5 Rxd5 23. c4 Rd7 24. hxg6 Rxg6 25. Be3 Rd8 26. Rad1 Rdg8 27. Rd2 Rg3 28. Qe4 1-0

[Event "*** Titled Tuesday Blitz"]
[Site "Chess.com"]
[Date "2021.03.02"]
[Round "4"]
[White "ObligatePawnivore"]
[Black "Pantata007"]
[Result "0-1"]
[WhiteElo "1833"]
[BlackElo "2239"]
[TimeControl "180+1"]
[EndTime "10:39:22 PST"]
[Termination "Pantata007 won on time"]

1. c4 Nf6 2. Nc3 c5 3. Nf3 e6 4.
e3 Nc6 5. d4 d5 6. cxd5 exd5 7.
Bb5 cxd4 8. Nxd4 Bd7 9. O-O Bd6 10. Nf3 Be6 11. Nd4 O-O 12. Nxe6 fxe6 13. Be2 Rc8 14. b3 Be5 15. Bb2 Ne4 16. Nxe4 Bxb2 17. Nc5 Bxa1 18. Nxe6 Qd6 19. Nxf8 Be5 20. Nxh7 Kxh7 21. Bd3+ Kg8 22. f4 Bf6 23. Qh5 Qd8 0-1

[Event "*** Titled Tuesday Blitz"]
[Site "Chess.com"]
[Date "2021.03.02"]
[Round "4"]
[White "pedro_nascimento85"]
[Black "Piacramling"]
[Result "0-1"]
[WhiteElo "2107"]
[BlackElo "2300"]
[TimeControl "180+1"]
[EndTime "10:39:23 PST"]
[Termination "Piacramling won on time"]

1. d4 Nf6 2. c4 c5 3. d5 b5 4. Qc2 bxc4 5. e4 d6 6. Bxc4 g6 7. Nc3 Bg7 8. Nf3 O-O 9. Bf4 Ba6 10. Nd2 Qb6 11. O-O Nbd7 12. h3 Rfe8 13. Na4 Qb7 14. Rab1 Nh5 15. Bh2 Ne5 16. Bxa6 Qxa6 17. Nc3 Qd3 18.
Qc1 Rab8 19. Nd1 Qa6 20. Nc3 Nd3 21. Qc2 Nb4 22. Qd1 Nxa2 23. Nxa2 Qxa2 24. b3 Bd4 25. Nf3 Bg7 26. Nd2 Qa6 27. f4 Qa2 28. f5 a5 29.
fxg6 hxg6 0-1

[Event "*** Titled Tuesday Blitz"]
[Site "Chess.com"]
[Date "2021.03.02"]
[Round "4"]
[White "Trankuilizer"]
[Black "DonPreuss"]
[Result "1-0"]
[WhiteElo "2575"]
[BlackElo "2297"]
[TimeControl "180+1"]
[EndTime "10:39:24 PST"]
[Termination "Trankuilizer won by resignation"]

1. e4 Nc6 2. Nf3 e5 3. Bc4 Bc5 4. c3 d6 5. d4 exd4 6. cxd4 Bb6 7. d5 Ne5 8. Nxe5 dxe5 9. O-O Ne7 10. Nc3 O-O 11.
Bg5 Bc5 12. Rc1 Kh8 13. Bb3 Bd6 14. Nb5 f6 15. Be3 Ng6 16. Nxd6 cxd6 17. Rc3 f5 18. f3 f4 19. Bf2 Qg5 20. Kh1 Nh4 21. Bxh4 Qxh4 22.
Rc7 b6 23. Qe1 Qh5 24. Qf2 Ba6 25. Rfc1 Rf6 26. Bc4 Bxc4 27. R1xc4 Raf8 28. Rxa7 Rh6 29. h3 g5 30. Rcc7 g4 31. fxg4 Qxg4 32. Rxh7+ Rxh7 33. Rxh7+ Kxh7 34. hxg4 Kg6 35. Qh4 Rf7 36. Qh5+ 1-0

[Event "*** Titled Tuesday Blitz"]
[Site "Chess.com"]
[Date "2021.03.02"]
[Round "4"]
[White "Synctel"]
[Black "GMJustin"]
[Result "0-1"]
[WhiteElo "2009"]
[BlackElo "2250"]
[TimeControl "180+1"]
[EndTime "10:39:24 PST"]
[Termination "GMJustin won on time"]

1. e4 e5 2. Nf3 Nc6 3. Bc4 Nf6 4.
d4 exd4 5. e5 d5 6. Bb5 Ne4 7.
Nxd4 Bc5 8. Be3 Bd7 9. Bxc6 bxc6 10. O-O O-O 11. f3 Ng5 12. f4 Ne4 13. Nd2 f5 14. a4 Qb8 15. N2b3 Be7 16. Nf3 a5 17. Qd3 Qb7 18. c4 Rfb8 19. Nfd2 Qa6 20. Qc2 Kh8 21.
cxd5 cxd5 22. Nxe4 dxe4 23. Nc5 Bxc5 24. Bxc5 Be6 25.
Rfd1 Bb3 26. Qc3 Bxd1 27. Rxd1 Rd8 28. Bd4 Qb7 29. e6 Kg8 30. Qc4 Qd5 31. Qc3 c5 0-1

[Event "*** Titled Tuesday Blitz"]
[Site "Chess.com"]
[Date "2021.03.02"]
[Round "4"]
[White "cstevens1"]
[Black "WanderingPuppet"]
[Result "1-0"]
[WhiteElo "2628"]
[BlackElo "2471"]
[TimeControl "180+1"]
[EndTime "10:39:25 PST"]
[Termination "cstevens1 won on time"]

1. e4 c5 2. Nf3 d6 3. d4 cxd4 4. Nxd4 Nf6 5. f3 e5 6. Nb3 d5 7.
Bg5 Be6 8. Bxf6 gxf6 9. exd5 Qxd5 10. Qxd5 Bxd5 11. Nc3 Bb4 12. O-O-O Bxb3 13. axb3 Bxc3 14. bxc3 Nc6 15. Bd3 Ke7 16. Be4 Rac8 17. Kb2 Rc7 18. c4 Nd4 19. c3 Ne6 20. Rd2 b6 21. Rhd1 Nc5 22. Bf5 h6 23. Rd5 Rg8 24. g4 Rh8 25.
b4 Ne6 26. Kb3 h5 27. g5 fxg5 28. Rxe5 Kf6 29. Rde1 Rc6 30. Be4 Kxe5 31. Bxc6+ Kf6 32. Ra1 Nd8 33. Bd5 g4 34. Rxa7 gxf3 35. Bxf3 Ne6 36. Rb7 Ng5 37. Rxb6+ Ke5 38. Bd5 f5 39. h4 Nh3 40.
Re6+ Kf4 41. c5 Nf2 42. c6 Rc8 43. b5 Nd3 44. Kc4 Ne5+ 45. Kd4 Ng4 46. b6 1-0

[Event "*** Titled Tuesday Blitz"]
[Site "Chess.com"]
[Date "2021.03.02"]
[Round "4"]
[White "Schachspielerr"]
[Black "champ2005"]
[Result "1-0"]
[WhiteElo "2748"]
[BlackElo "2990"]
[TimeControl "180+1"]
[EndTime "10:39:27 PST"]
[Termination "Schachspielerr won by resignation"]

1. d4 Nf6 2. c4 g6 3. Nc3 Bg7 4.
e4 d6 5. f3 O-O 6. Be3 c6 7. Qd2 a6 8. c5 b5 9. cxb6 Qxb6 10.
Bd3 a5 11. Nge2 Na6 12. Rc1 Bd7 13. O-O Rfb8 14. b3 Nb4 15. Bb1 Qb7 16. Rfd1 Ne8 17.
Nf4 Nc7 18. h4 Rd8 19. h5 Be8 20. Qf2 e5 21. dxe5 dxe5 22. Nd3 Ne6 23. Nc5 Nxc5 24.
Bxc5 Na6 25. Be3 Bf8 26. Bd3 Ba3 27. Rb1 Nc7 28. Qh4 Ne6 29. Bc4 Rxd1+ 30. Rxd1 Be7 31. Qg3 Qc7 32. hxg6 hxg6 33. Kf2 Bf6 34. Rh1 Bg7 35. Qh4 Nf4 36. Qh7+ Kf8 37. Bc5+ 1-0